Map: Dusk Towers

Players

Luolis - Winner!

  • Race: Terran Terran

FeeliXI

  • Race: Zerg Zerg

VOD

Have the link to the VOD?

Description

Time

  • Played on: Nov. 16, 2015, 11:18 a.m.
  • Length: 9:05
Show
View Real Time Build Order
Export as new Build Order

Luolis Terran - Winner!

Build Orders: MMM Bio 

Get SALT Encoding   

  12  0:01  SCV  
  13  0:13  SCV  
  14  0:17  Supply Depot  
  14  0:26  SCV  
  15  0:39  SCV  
  15  0:42  Barracks  
  16  0:47  Refinery  
  16  0:51  SCV  
  17  1:05  SCV  
  18  1:17  SCV  
  20  1:33  Orbital Command  
  20  1:34  Reaper  
  20  1:41  Command Center  
  20  1:55  Supply Depot  
  20  1:59  SCV  
  21  2:11  SCV  
  22  2:17  Barracks Tech Lab  
  22  2:20  Supply Depot  
  22  2:23  SCV  
  23  2:30  Factory  
  23  2:35  SCV  
  24  2:39  Marine  
  25  2:47  SCV  
  25  2:49  Barracks  
  25  2:50  Barracks  
  26  2:54  Stimpack  
  26  2:59  SCV  
  26  3:02  Orbital Command  
  27  3:06  Marine  
  27  3:11  SCV  
  29  3:20  Factory Reactor  
  29  3:25  Supply Depot, Refinery  
  29  3:29  Marine  
  29  3:31  SCV x2  
  29  3:33  Refinery  
  32  3:43  SCV, Marine  
  32  3:44  Marine  
  32  3:46  Marine  
  32  3:47  SCV  
  38  3:55  SCV  
  38  3:59  Supply Depot, SCV  
  39  4:03  Barracks Reactor, Barracks Tech Lab, Supply Depot  
  39  4:04  Starport  
  39  4:07  Barracks Reactor  
  41  4:11  Widow Mine  
  41  4:13  Widow Mine  
  41  4:16  SCV x2  
  45  4:20  Marine  
  46  4:27  Supply Depot  
  46  4:28  SCV x2  
  48  4:40  Supply Depot, SCV x2  
  50  4:50  Supply Depot, Factory Reactor  
  50  4:51  Medivac x2  
  55  4:52  SCV, Marine  
  55  4:53  SCV  
  55  4:56  Marine x2  
  55  4:58  Marine  
  55  4:59  Marine  
  60  5:10  Marine  
  62  5:14  SCV x2, Marine x2  
  62  5:17  Refinery  
  62  5:21  Medivac x2  
  69  5:22  Supply Depot  
  69  5:35  Marine  
  69  5:36  Marine x4  
  69  5:37  Widow Mine x2  
  69  5:39  SCV x2  
  80  5:43  Supply Depot  
  80  5:46  Supply Depot  
  79  5:50  Medivac  
  79  5:55  SCV x2  
  83  5:58  Combat Shields, Marine x5  
  88  6:05  Widow Mine x2  
  88  6:10  SCV  
  93  6:12  Supply Depot  
  93  6:16  Marine x4  
  93  6:17  Marine  
  90  6:33  Marine  
  90  6:34  Marine x3  
  90  6:35  Marine  
  85  6:43  Widow Mine x2  
  85  6:44  Medivac x2  
  91  6:51  Marine x3  
  91  6:52  Marine  
  91  6:53  Command Center, Marine  
  89  7:09  Marine x4  
  89  7:10  Marine  
  89  7:12  Widow Mine x2  
  96  7:21  Medivac x2  
  98  7:27  SCV, Marine x4  
  98  7:28  Marine  
  99  7:40  Widow Mine x2  
  98  7:45  Marine x4  
  100  7:55  Marine  
  100  7:57  SCV, Medivac x2  
  100  7:58  SCV  
  107  8:02  Marine  
  107  8:03  Marine  
  109  8:06  Marine x2  
  109  8:10  SCV  
  109  8:12  Widow Mine x2  
  112  8:13  Marine  
  112  8:19  Barracks  
  117  8:20  Marine x2  
  117  8:21  Engineering Bay  
  117  8:22  Barracks  
  117  8:24  Marine  
  112  8:35  Marine x2  
  112  8:38  Marine x2  
  115  8:41  Marine  
  118  8:48  SCV  
Show
View Real Time Build Order
Export as new Build Order

FeeliXI Zerg 

Build Orders: Hatch First 

Get SALT Encoding   

  12  0:01  Drone  
  13  0:07  Drone  
  14  0:17  Overlord  
  14  0:42  Hatchery  
  13  0:45  Drone  
  13  0:49  Drone  
  15  1:06  Spawning Pool  
  15  1:08  Drone  
  15  1:13  Drone  
  15  1:18  Extractor  
  15  1:20  Drone  
  15  1:21  Drone  
  17  1:31  Drone  
  18  1:44  Drone  
  19  1:52  Overlord  
  19  1:54  Queen  
  19  1:57  Zergling x2  
  22  2:05  Drone x2  
  24  2:13  Drone  
  25  2:19  Metabolic Boost  
  25  2:21  Drone  
  26  2:25  Drone  
  26  2:29  Drone  
  28  2:34  Queen  
  28  2:36  Drone  
  31  2:41  Queen  
  33  2:50  Drone  
  33  2:51  Drone  
  34  3:08  Drone x2  
  34  3:09  Overlord x2  
  36  3:21  Overlord  
  36  3:30  Drone, Extractor  
  36  3:31  Drone x2, Extractor  
  36  3:32  Drone x2  
  39  3:45  Baneling Nest  
  37  4:04  Zergling x6  
  37  4:05  Zergling x8  
  37  4:09  Drone x2  
  47  4:10  Drone  
  47  4:25  Hatchery  
  46  4:33  Drone  
  46  4:34  Drone x3  
  46  4:36  Lair  
  50  4:40  Drone  
  50  4:41  Evolution Chamber x2, Drone x2  
  45  5:09  Zergling x2  
  45  5:10  Zergling x14  
  45  5:12  Zerg Melee Weapons Level 1  
  45  5:13  Zerg Ground Armor Level 1  
  52  5:15  Overlord x4  
  52  5:28  Baneling x2  
  52  5:30  Baneling x3  
  52  5:34  Zergling x6  
  55  5:44  Overlord  
  55  5:45  Overlord x2  
  55  5:47  Drone  
  55  5:48  Drone x2  
  58  5:57  Overseer  
  58  6:02  Zergling x2  
  58  6:03  Zergling x8  
  62  6:08  Centrifical Hooks  
  62  6:10  Zergling x8  
  66  6:18  Spore Crawler  
  48  6:43  Zergling x14  
  48  6:44  Zergling x16  
  59  6:51  Baneling x2  
  59  6:55  Zergling x2  
  50  7:10  Zergling x10  
  47  7:16  Zergling x6  
  47  7:19  Zergling x4  
  47  7:21  Zergling x2  
  50  7:26  Zergling x4  
  52  7:35  Zergling x4  
  51  7:38  Baneling x2  
  51  7:42  Zergling x4  
  50  7:51  Zergling x6  
  50  8:00  Spine Crawler  
  50  8:01  Zergling x2  
  50  8:02  Zergling x8  
  50  8:03  Spawning Pool  
  50  8:04  Overseer x3  
  52  8:10  Zergling x4  
  52  8:11  Zergling x2  
Tags
 
Composition
MMM Bio
Matchup
TvZ
Add a new tag
Caveats
  • Supply blocks, unpowered buildings, or Contaminate may cause inaccurate times.
  • Supply counts are checked every 10 seconds.